 Dungeon Crawl Stone Soup version bcrawl-1.12.2 (webtiles) character file.

Game seed: 6455827126410694652

27360 Chiseanne the Covert (level 13, -14/96 HPs)
             Began as a Formicid Archaeologist on July 12, 2019.
             Was an Initiate of Gozag.
             Demolished by a skeletal warrior
             ... wielding a +0 halberd
             ... led by a skeletal warrior
              (22 damage)
             ... on level 11 of the Dungeon on July 19, 2019.
             The game lasted 00:53:45 (11532 turns).

Chiseanne the Covert (Formicid Archaeologist)      Turns: 11532, Time: 00:53:45

Health: -14/96     AC:  8    Str: 17    XL:     13   Next: 65%
Magic:  20/20      EV: 18    Int: 14    God:    Gozag
Gold:   792        SH:  0    Dex: 13    Spells: 12/12 levels left

rFire    + . .     SeeInvis +   a - +12 Vampire's Tooth {vamp}
rCold    . . .     Gourm    .   (no shield)
rNeg     . . .     Faith    .   j - +1 leather armour {rF+}
rPois    .         Spirit   .   (helmet unavailable)
rElec    .         Reflect  .   R - scarf {repulsion}
rCorr    .         Harm     .   (no gloves)
MR       +....                  c - +1 pair of boots
Stlth    +++++.....             (no amulet)
HPRegen  0.26/turn              (no ring)
MPRegen  0.17/turn              (no ring)

@: repel missiles
A: permanent stasis, dig shafts and tunnels, four strong arms, antennae 3
a: Dig, Shaft Self, Potion Petition, Call Merchant, Bribe Branch, Renounce
Religion


You were on level 11 of the Dungeon.
You worshipped Gozag.
Gozag was pleased with you.
You were not hungry.

You visited 2 branches of the dungeon, and saw 13 of its levels.
You also visited: Ossuary.

You collected 2442 gold pieces.
You spent 263 gold pieces at shops.
You paid 1387 gold pieces to Gozag.

Inventory:

Hand Weapons
 a - the +12 Vampire's Tooth (weapon) {vamp}

   It inflicts no extra harm, but heals its wielder when it wounds a living foe.
 d - a +4 morningstar
 e - a +1 hand axe
 h - a +2 flail of holy wrath
 o - a cursed -1 club
 q - a +1 scimitar of slicing
 x - a +2 whip of electrocution
 y - a +4 quarterstaff of chaos
 T - a +1 scimitar of flaming
 W - the +11 hand crossbow of Division {venom, rF+}
   (You bought it in a shop on level 9 of the Dungeon)

   It poisons the ammo it fires.
   It protects you from fire.
Missiles
 m - 33 curare-tipped needles
 p - 1004 bolts
 s - 2330 arrows
 t - 488 sling bullets
 w - 56 tomahawks (quivered)
 N - 91 poisoned tomahawks
 S - 47 tomahawks of dispersal {!f}
 V - 64 poisoned needles
Armour
 c - a +1 pair of boots (worn)
 j - a +1 leather armour of fire resistance (worn)
 z - a +0 cloak of invisibility
 Q - a +0 large shield
 R - a scarf of repulsion (worn)
Jewellery
 g - the amulet "Jes Losu" {Spirit SInv}
   (You found it on level 10 of the Dungeon)

   [amulet of guardian spirit]

   It causes incoming damage to be split between your health and magic.
   It lets you see invisible.
Wands
 l - a wand of flame (41)
 v - a wand of paralysis (1)
 C - a wand of iceblast (6)
 E - a wand of polymorph (4)
 H - a wand of digging (8)
 J - a wand of acid (19)
Scrolls
 b - 5 scrolls of enchant armour
 n - 2 scrolls of fear
 A - 2 scrolls of enchant weapon
 G - 2 scrolls of amnesia
 P - a scroll of fog
 U - a scroll of identify
Potions
 i - 3 potions of flight
 r - 5 potions of curing
 u - 7 potions of mutation
 B - 3 potions of heal wounds
 D - 5 potions of brilliance
 F - 2 potions of ambrosia
 M - a potion of lignification
Miscellaneous
 O - a sack of spiders
Comestibles
 f - 18 rations {!d}


   Skills:
 * Level 7.3 Fighting
 - Level 7.5 Short Blades
 - Level 1.0 Maces & Flails
 * Level 11.6 Armour
 * Level 10.5 Dodging
 - Level 13.3 Stealth
 - Level 10.0 Evocations


You had 12 spell levels left.
You didn't know any spells.
Your spell library contained the following spells:

 Spells                   Type           Power        Failure   Level  Hunger
 Corona                   Hex            #......      32%         1    ##.....
 Shock                    Conj/Air       #....        32%         1    ##.....
 Shackle                  Hex            #.......     45%         2    ###....
 Swiftness                Chrm/Air       #.......     45%         2    ###....
 False Image              Hex/Summ       #.......     69%         3    ####...
 Inner Flame              Hex/Fire       N/A          69%         3    ####...
 Static Discharge         Air            #.......     69%         3    ####...
 Airstrike                Air            #.........   97%         4    #####..
 Cause Fear               Hex            #.........   97%         4    #####..
 Yara's Violent Unravell  Hex/Tmut       #.........   97%         4    #####..
 Lightning Bolt           Conj/Air       #.........   100%        5    ######.


Dungeon Overview and Level Annotations

Branches:
Dungeon (12/12) Temple (1/1) D:7 Lair (0/6) D:10 Orc (0/1) D:11 Vaults (0/3) D:11 D:12 Depths: D:12

Altars:
Ashenzari
Cheibriados
Dithmenos
Gozag
Hepliaklqana
Kikubaaqudgha
Lugonu
Makhleb
Nemelex Xobeh
Okawaru
Qazlal
Ru
Sif Muna
Trog
Uskayaw
Vehumet
Wu Jian
Xom
Yredelemnul
Zin

Shops:
D:6 }   D:9 (   D:11 (

Annotations:
D:12 Urug


Innate Abilities, Weirdness & Mutations

You cannot be hasted, slowed, berserked, paralysed or teleported.
You can dig through walls and to a lower floor.
Your four strong arms can wield two-handed weapons with a shield.
You have a pair of large antennae on your head. (SInv)


Message History

The skeletal warrior hits you with a +0 halberd.
* * * LOW HITPOINT WARNING * * *
There is a stone staircase leading up here.
The skeletal warrior hits you with a +0 halberd.
* * * LOW HITPOINT WARNING * * *
You climb upwards.
There is a stone staircase leading down here.
You completely miss the skeletal warrior.
The skeletal warrior is lightly damaged.
Evoke which item? (* to show all) (? for menu, Esc to quit)
That's the wrong kind of item! (Use * to select it.) Evoke which item? (* to show all) (? for menu, Esc to quit)
You reach into the bag... ...but nothing happens.
The skeletal warrior hits you with a +0 halberd!
* * * LOW HITPOINT WARNING * * *
Evoke which item? (* to show all) (? for menu, Esc to quit)
You reach into the bag... ...but nothing happens.
The skeletal warrior hits you with a +0 halberd!!
You die...
Your body crumbles into a pile of gold.

#.......# #..####..#
#.......# #........#
#.......####........#
#.............####..###
#.............# #.....
#.......####..# #.....
#.......# #..####..###
#.....z.# #........#
#.....@.####........#
#.............####..#
#.............# #.[###
######..####..# #.....
#..# #..# #..... #..#
#..# #..... #..# #..#
#..... #..# #..# #.....
######..####..####.....


You could see a skeletal warrior.

Vanquished Creatures
  An ogre mage (D:11)
  A hydra (D:10)
  A catoblepas (D:12)
  3 centaur warriors (D:11)
  4 two-headed ogres (D:11)
  A deep troll earth mage (D:11)
  2 cyclopes
  2 deep elf magi (D:11)
  Pikel (D:5)
  A necromancer (D:11)
  An ugly thing (D:9)
  2 manticores (D:11)
  Maurice (D:8)
  2 gargoyles
  2 centaur skeletons
  A komodo dragon (D:6)
  An efreet (D:11)
  A meliai (shapeshifter) (D:11)
  5 trolls
  9 slime creatures
  A hornet (D:9)
  A merfolk (D:11)
  Grinder (D:2)
  A harpy skeleton (D:11)
  4 hippogriffs
  A wraith (D:11)
  A hungry ghost (D:6)
  16 humans (D:11)
  2 basilisks
  A wyvern (D:10)
  A warg (D:11)
  4 porcupines (D:10)
  8 orc warriors
  A slave (D:5)
  3 black bears (D:10)
  3 eyes of draining
  A necrophage (D:7)
  3 wolves (D:10)
  2 ogres (D:11)
  7 centaurs
  2 crocodiles (D:10)
  Blork the orc (D:5)
  A big kobold (D:8)
  2 elf zombies (Ossuary)
  7 bullfrogs
  2 scorpions
  A howler monkey (D:9)
  A bullfrog zombie (D:8)
  Crazy Yiuf (D:5)
  7 centaur zombies
  A quasit (D:10)
  7 hounds
  3 jellies
  8 orc priests
  2 human zombies (Ossuary)
  4 iguanas
  16 orc wizards
  10 worker ants
  2 hound skeletons
  A hound zombie (D:7)
  2 mummies (Ossuary)
  10 gnolls
  9 adders
  3 shadow imps
  2 oozes
  2 adder skeletons
  4 worms
  3 dart slugs (D:2)
  2 leopard geckos
  47 orcs
  3 bats
  5 giant cockroaches
  4 goblins
  6 hobgoblins
  9 jackals
  4 quokkas
  5 frilled lizards
  2 goblin zombies (Ossuary)
  10 hobgoblin zombies (Ossuary)
  A jackal skeleton (D:4)
  7 kobolds
  7 kobold zombies (Ossuary)
  9 orc zombies (Ossuary)
  6 rats
  2 rat zombies (Ossuary)
347 creatures vanquished.

Vanquished Creatures (others)
  A worker ant (D:11)
  A plant (D:12)
  4 withered plants
6 creatures vanquished.

Grand Total: 353 creatures vanquished

Notes
Turn   | Place    | Note
-------+----------+-------------------------------------------
     0 | D:1      | Chiseanne the Formicid Archaeologist began the quest for
                  | the Orb.
     0 | D:1      | Reached XP level 1. HP: 15/15 MP: 1/1
   299 | D:1      | Reached XP level 2. HP: 16/22 MP: 2/2
  1119 | D:1      | Reached XP level 3. HP: 29/29 MP: 3/3
  1205 | D:2      | Reached skill level 1 in Short Blades
  1608 | D:2      | Reached XP level 4. HP: 25/35 MP: 4/4
  2275 | D:3      | Noticed Grinder
  2347 | D:2      | Reached XP level 5. HP: 40/41 MP: 5/5
  2372 | D:2      | Reached skill level 5 in Short Blades
  2431 | D:2      | Killed Grinder
  2431 | D:2      | Reached XP level 6. HP: 20/47 MP: 6/6
  2920 | D:3      | Reached XP level 7. HP: 52/52 MP: 7/7
  3019 | D:3      | Found a stormy altar of Qazlal.
  3306 | D:4      | Reached skill level 1 in Armour
  3354 | D:4      | Reached skill level 5 in Stealth
  3354 | D:4      | Reached XP level 8. HP: 61/61 MP: 8/8
  3510 | D:5      | Entered Level 5 of the Dungeon
  3526 | D:5      | Noticed Blork the orc
  3532 | D:5      | Killed Blork the orc
  3563 | D:5      | Found a runed door.
  3663 | D:5      | Found a hide-covered altar of Uskayaw.
  3667 | D:5      | Found an ornate altar of the Wu Jian Council.
  3667 | D:5      | Found a bloodstained altar of Trog.
  3682 | D:5      | Reached skill level 5 in Fighting
  3713 | D:5      | Reached skill level 6 in Stealth
  3829 | D:5      | Found a shadowy altar of Dithmenos.
  3868 | D:5      | Noticed Pikel
  3900 | D:5      | Killed Pikel
  3900 | D:5      | Reached skill level 5 in Dodging
  3900 | D:5      | Reached XP level 9. HP: 67/69 MP: 9/9
  4247 | D:5      | Noticed Crazy Yiuf
  4254 | D:5      | Killed Crazy Yiuf
  4254 | D:5      | Reached skill level 7 in Stealth
  4386 | D:6      | Noticed a hippogriff
  4389 | D:6      | Found an iron altar of Okawaru.
  4395 | D:6      | Killed a hippogriff
  4395 | D:6      | Reached skill level 1 in Evocations
  4438 | D:6      | Reached skill level 5 in Armour
  4442 | D:6      | Found Mejiaq's Gadget Boutique.
  4678 | D:6      | Reached skill level 8 in Stealth
  4684 | D:6      | Found a deep blue altar of Sif Muna.
  4909 | D:7      | Noticed a hippogriff
  4909 | D:7      | Noticed a troll
  4926 | D:7      | Killed a hippogriff
  4929 | D:7      | Killed a troll
  4929 | D:7      | Reached XP level 10. HP: 76/76 MP: 12/12
  4940 | D:7      | Noticed a komodo dragon
  5301 | D:6      | Killed a komodo dragon
  5450 | D:7      | Found an ancient bone altar of Kikubaaqudgha.
  5597 | D:7      | Reached skill level 9 in Stealth
  5742 | D:7      | Found a shattered altar of Ashenzari.
  5800 | D:7      | Found a staircase to the Ecumenical Temple.
  5826 | Temple   | Entered the Ecumenical Temple
  5837 | Temple   | Became a worshipper of Gozag Ym Sagoz the Greedy
  6096 | D:8      | Found a snail-covered altar of Cheibriados.
  6217 | D:8      | Noticed Maurice
  6247 | D:8      | Found a sparkling altar of Nemelex Xobeh.
  6323 | D:8      | Killed Maurice
  6379 | D:8      | Found a sand-covered staircase.
  6390 | Ossuary  | Entered an ossuary
  6468 | Ossuary  | Reached skill level 5 in Evocations
  7207 | D:9      | Reached skill level 10 in Stealth
  7209 | D:9      | Noticed a white ugly thing
  7216 | D:9      | You fall through a shaft!
  7216 | D:10     | Entered Level 10 of the Dungeon
  7234 | D:9      | Reached XP level 11. HP: 75/81 MP: 4/15
  7339 | D:10     | Found a burning altar of Makhleb.
  7450 | D:10     | Found a staircase to the Lair.
  7537 | D:10     | Noticed a cyclops
  7544 | D:10     | Killed a cyclops
  7561 | D:10     | Got a warped golden amulet
  7575 | D:10     | Identified the amulet "Jes Losu" {Spirit SInv} (You found
                  | it on level 10 of the Dungeon)
  7632 | D:10     | Reached skill level 11 in Stealth
  7641 | D:10     | Noticed a five-headed hydra
  7650 | D:10     | Killed a five-headed hydra
  7777 | D:10     | Found a shimmering altar of Xom.
  7995 | D:9      | Killed a white ugly thing
  8261 | D:11     | Noticed a centaur warrior
  8283 | D:11     | Killed a centaur warrior
  8385 | D:11     | Reached XP level 12. HP: 87/87 MP: 8/17
  8718 | D:10     | Reached skill level 12 in Stealth
  8810 | D:11     | Noticed a centaur warrior
  8826 | D:11     | Killed a centaur warrior
  8972 | D:11     | Reached skill level 10 in Armour
  9480 | D:11     | Found a staircase to the Orcish Mines.
  9645 | D:11     | Upgraded the game from bcrawl-1.12.1 to bcrawl-1.12.2
  9689 | D:9      | Bought a transparent hand crossbow for 263 gold pieces
  9692 | D:9      | Identified the +11 hand crossbow of Division {venom, rF+}
                  | (You bought it in a shop on level 9 of the Dungeon)
  9750 | D:12     | Entered Level 12 of the Dungeon
  9750 | D:12     | Found a gate to the Vaults.
  9750 | D:12     | Noticed a two-headed ogre
  9750 | D:12     | Noticed Urug
  9750 | D:12     | Noticed a centaur warrior
  9750 | D:12     | Noticed a deep troll earth mage
  9790 | D:11     | Killed a deep troll earth mage
  9794 | D:11     | Reached skill level 13 in Stealth
  9794 | D:11     | Reached XP level 13. HP: 86/93 MP: 9/20
  9911 | D:11     | Killed a centaur warrior
 10026 | D:11     | Reached skill level 10 in Evocations
 10126 | D:12     | Noticed an ogre mage
 10159 | D:11     | Reached skill level 10 in Dodging
 10585 | D:11     | Killed an ogre mage
 11025 | D:12     | Noticed a catoblepas
 11391 | D:12     | Killed a catoblepas
 11532 | D:11     | Demolished by a skeletal warrior

Skill      XL: |  1  2  3  4  5  6  7  8  9 10 11 12 13 |
---------------+----------------------------------------+-----
Fighting       | 2 3 4 5 7 |  7.3
Short Blades   | 2 4 7 |  7.5
Dodging        | 3 4 5 6 7 8 9 10 | 10.5
Armour         | 2 4 5 7 9 10 11 | 11.6
Stealth        | 5 6 8 10 11 13 | 13.3
Evocations     | 3 5 7 9 10 | 10.0
Maces & Flails | |  1.0

Action                   |  1- 3 |  4- 6 |  7- 9 | 10-12 | 13-15 || total
-------------------------+-------+-------+-------+-------+-------++-------
Melee: Whip              |    57 |       |       |       |       ||    57
       Hand axe          |    59 |    49 |       |       |       ||   108
       Flail             |       |    18 |       |       |       ||    18
       Quick blade       |       |    42 |   234 |   745 |   256 ||  1277
Throw: Tomahawk          |       |       |       |     4 |     1 ||     5
Invok: Call Merchant     |       |       |       |     2 |       ||     2
 Abil: Dig               |       |     1 |     2 |     4 |     3 ||    10
       Shaft Self        |       |       |       |     1 |       ||     1
Evoke: Wand              |       |       |     2 |     9 |    12 ||    23
       Sack of spiders   |       |       |       |       |     2 ||     2
  Use: Scroll            |       |     7 |     6 |    13 |       ||    26
       Potion            |       |     2 |       |     1 |     3 ||     6
 Stab: Sleeping          |     7 |     1 |     1 |    18 |     1 ||    28
       Paralysed         |       |       |     1 |     4 |       ||     5
       Distracted        |       |       |       |     5 |     1 ||     6
  Eat: Chunk             |     2 |     3 |     6 |     3 |       ||    14
       Ration            |       |     2 |       |     4 |     2 ||     8
Armor: Robe              |    21 |       |       |       |       ||    21
       Leather armour    |     5 |    42 |     2 |    47 |    27 ||   123
       Scale mail        |       |       |    26 |    20 |       ||    46
Dodge: Dodged            |    69 |    96 |    62 |   272 |   142 ||   641
       Deflected         |       |       |       |       |     7 ||     7
